 Dungeon Crawl Stone Soup version 0.23.0-3-gf3c87f2 (webtiles) character file.

Game seed: 13845939278683616775

8114 poirepourri the Severer (level 11, -4/102 HPs)
             Began as a Minotaur Fighter on Feb 24, 2019.
             Was a High Priest of Okawaru.
             Killed from afar by a fire dragon (25 damage)
             ... with a blast of flame
             ... on level 10 of the Dungeon.
             The game lasted 00:08:56 (8517 turns).

poirepourri the Severer (Minotaur Fighter)          Turns: 8517, Time: 00:08:57

Health: -4/102     AC:  9    Str: 21    XL:     11   Next: 5%
Magic:  10/10      EV:  8    Int:  5    God:    Okawaru [*****.]
Gold:   688        SH: 11    Dex: 17    Spells: 10/10 levels left

rFire    + . .     SeeInvis .   a - +2 war axe
rCold    + . .     Gourm    .   c - +1 shield
rNeg     + + .     Faith    .   D - +1 ring mail {MR+}
rPois    +         Spirit   .   (helmet restricted)
rElec    +         Reflect  .   (no cloak)
rCorr    +         Harm     .   K - +2 pair of gloves "Zuixt" {rN++}
MR       +....                  (no boots)
Stlth    +.........             y - amulet of the acrobat
HPRegen  0.27/turn              t - +4 ring of dexterity
MPRegen  0.12/turn              l - +2 ring of slaying

@: resistant
A: retaliatory headbutt, horns 2
a: Heroism, Finesse, Renounce Religion


You were on level 10 of the Dungeon.
You worshipped Okawaru.
Okawaru was extremely pleased with you.
You were not hungry.

You visited 2 branches of the dungeon, and saw 11 of its levels.

You collected 688 gold pieces.

Inventory:

Hand Weapons
 a - a +2 war axe (weapon)
 b - a +1 mace of venom
Missiles
 j - 6 tomahawks
 o - 7 throwing nets
 p - 2 silver tomahawks (quivered)
 E - 28 bolts
 I - 4 tomahawks of dispersal
 J - 11 javelins
Armour
 c - a +1 shield (worn)
 D - a +1 ring mail of magic resistance (worn)
 K - the +2 pair of gloves "Zuixt" (worn) {rN++}
   (Okawaru gifted it to you on level 9 of the Dungeon)

   It greatly protects you from negative energy.
Jewellery
 d - a cursed amulet of inaccuracy {unknown}
 l - a +2 ring of slaying (right hand)
 q - an uncursed ring of flight
 r - an uncursed ring of protection from cold
 t - a +4 ring of dexterity (left hand)
 w - a cursed amulet of magic regeneration {unknown}
 x - an uncursed ring of protection from fire
 y - an amulet of the acrobat (around neck)
 B - an uncursed ring of protection from magic
Wands
 u - a wand of enslavement (6)
 A - a wand of acid (13)
 G - a wand of polymorph (19)
Scrolls
 e - 6 scrolls of remove curse
 h - a scroll of teleportation
 s - a scroll of amnesia
 F - 3 scrolls of magic mapping
 M - a scroll of fear {unknown}
Potions
 g - 4 potions of brilliance
 i - 4 potions of invisibility
 k - 6 potions of flight
 n - a potion of lignification
 v - a potion of cancellation {unknown}
 z - a potion of resistance
 C - a potion of mutation {unknown}
 H - a potion of ambrosia
Comestibles
 f - 18 rations


   Skills:
 + Level 11.4 Fighting
 - Level 16.2 Axes
 - Level 3.6 Armour
 - Level 3.6 Shields


You had 10 spell levels left.
You didn't know any spells.
Your spell library contained the following spells:

 Spells                   Type           Power        Failure   Level  Hunger
 Corona                   Hex            #......      98%         1    ##.....
 Ensorcelled Hibernation  Hex/Ice        #.....       99%         2    ###....
 Confuse                  Hex            #.......     100%        3    ####...
 Dazzling Spray           Conj/Hex       #.....       100%        3    ####...
 Tukima's Dance           Hex            #.......     100%        3    ####...
 Leda's Liquefaction      Hex/Erth       #.........   100%        4    #####..
 Bolt of Magma            Conj/Fire/Erth #.........   100%        5    ######.
 Iron Shot                Conj/Erth      #.........   100%        6    #######
 Statue Form              Tmut/Erth      #........    100%        6    #######
 Shatter                  Erth           #.........   100%        9    #######


Dungeon Overview and Level Annotations

Branches:
Dungeon (10/15)            Temple (1/1) D:4
   Lair: D:8-11         Orc: D:9-12

Altars:
Ashenzari
Cheibriados
Dithmenos
Elyvilon
Fedhas
Gozag
Hepliaklqana
Kikubaaqudgha
Makhleb
Nemelex Xobeh
Okawaru
Qazlal
Ru
Sif Muna
Trog
Uskayaw
Vehumet
Wu Jian
Xom
Yredelemnul
Zin
The Shining One

Annotations:
D:3 3 runed translucent doors, ChickenMitten's ghost, amateur DDBe


Innate Abilities, Weirdness & Mutations

You reflexively headbutt those who attack you in melee.
You have a pair of horns on your head.


Message History

You are too injured to fight recklessly!
You are too injured to fight recklessly!
You are too injured to fight recklessly!
You are too injured to fight recklessly!
You are too injured to fight recklessly!
Unknown command.
You feel much better. You block the fire dragon's attack.
The fire dragon claws you. The fire dragon tramples you.
You stumble backwards!
You feel protected. You block the fire dragon's attack.
The fire dragon claws you!
* * * LOW HITPOINT WARNING * * *
The fire dragon tramples you!
* * * LOW HITPOINT WARNING * * *
You hold your ground!
Unknown command.
You slash the fire dragon!
The fire dragon is almost dead.
The fire dragon breathes flames at you. The blast of flame hits you!!
You resist.
You die...

:}## ## )). #.# [= #.#
.# #.#.# # ###.#
.#####.e.###### .
...##.D#...#..# ..
#...#@..#.#...# #.
#.#.##.#...#.## #.
#.#..#..#.#..#
####.######.#..###...###
#...............#.#.#.#
.#####.###.##(.##...##
#.# #.##...##.##
###.###.##.#.##.#
#<)...#.##.#..#.#


You could see a fire dragon and a deep elf archer.

Vanquished Creatures
  Harold (D:7)
  A two-headed ogre (D:9)
  Pikel (D:6)
  2 centaur skeletons
  A komodo dragon (D:10)
  Prince Ribbit (D:5)
  A hornet (D:9)
  A wyvern (D:5)
  7 yaks
  A steam dragon (D:7)
  A black bear (D:9)
  2 ice beasts
  4 orc warriors
  A necrophage (D:8)
  3 ogres
  3 phantoms
  2 centaurs
  2 bullfrogs
  A gnoll sergeant (D:8)
  3 scorpions
  4 killer bees (D:9)
  4 howler monkeys
  4 wights (D:8)
  A crimson imp (D:9)
  A bullfrog zombie (D:9)
  4 hounds
  7 orc priests
  2 bullfrog skeletons
  3 jellies (D:8)
  10 orc wizards
  2 iguanas
  12 worker ants
  2 worker ant zombies
  10 gnolls
  A howler monkey skeleton (D:4)
  13 adders
  7 oozes
  2 adder skeletons
  3 worms
  4 dart slugs
  4 leopard geckos
  39 orcs
  4 bats
  5 giant cockroaches
  4 hobgoblins
  7 jackals
  6 kobolds
  3 quokkas
  A ball python (D:7)
  7 frilled lizards
  A giant cockroach zombie (D:6)
  8 goblins
  2 hobgoblin zombies (D:9)
  A jackal zombie (D:8)
  A kobold zombie (D:9)
  A leopard gecko skeleton (D:4)
  6 orc skeletons (D:9)
  An orc zombie (D:9)
  2 quokka skeletons
  A quokka zombie (D:6)
  8 rats
247 creatures vanquished.

Vanquished Creatures (others)
  2 orcs (D:6)
  A fungus (D:5)
3 creatures vanquished.

Grand Total: 250 creatures vanquished

Notes
Turn   | Place    | Note
-------+----------+-------------------------------------------
     0 | D:1      | poirepourri the Minotaur Fighter began the quest for the
                  | Orb.
     0 | D:1      | Reached XP level 1. HP: 19/19 MP: 0/0
    43 | D:1      | Reached skill level 3 in Axes
    83 | D:1      | Reached XP level 2. HP: 26/26 MP: 1/1
   351 | D:1      | Reached skill level 4 in Axes
   672 | D:2      | Reached XP level 3. HP: 22/31 MP: 2/2
   843 | D:2      | Found a glowing silver altar of Zin.
   898 | D:2      | Found a basalt altar of Yredelemnul.
   968 | D:2      | Found an ornate altar of the Wu Jian Council.
  1108 | D:2      | Reached skill level 5 in Axes
  1420 | D:3      | Reached XP level 4. HP: 38/39 MP: 3/3
  1479 | D:3      | Found a faded altar of an unknown god.
  1523 | D:3      | Found a runed translucent gate.
  1534 | D:3      | Found a runed translucent gate.
  1534 | D:3      | Found a runed translucent gate.
  1539 | D:3      | Noticed ChickenMitten's ghost (amateur DDBe)
  1640 | D:3      | Reached skill level 6 in Axes
  1998 | D:4      | Reached XP level 5. HP: 43/45 MP: 4/4
  2230 | D:4      | Reached skill level 7 in Axes
  2419 | D:4      | Found a snail-covered altar of Cheibriados.
  2479 | D:4      | Noticed an ogre
  2483 | D:4      | Killed an ogre
  2483 | D:4      | Reached skill level 8 in Axes
  2483 | D:4      | Reached XP level 6. HP: 35/51 MP: 5/5
  2589 | D:4      | Found a sacrificial altar of Ru.
  2619 | D:4      | Found a staircase to the Ecumenical Temple.
  2674 | Temple   | Entered the Ecumenical Temple
  3337 | D:4      | Found an iron altar of Okawaru.
  3337 | D:4      | Found a bloodstained altar of Trog.
  3350 | D:4      | Became a worshipper of Warmaster Okawaru
  3427 | D:5      | Entered Level 5 of the Dungeon
  3453 | D:5      | Noticed a wyvern
  3462 | D:5      | Killed a wyvern
  3462 | D:5      | Reached skill level 9 in Axes
  3462 | D:5      | Reached XP level 7. HP: 39/57 MP: 6/6
  3472 | D:5      | Reached skill level 10 in Axes
  3814 | D:5      | Noticed a +0 dagger
  3815 | D:5      | Noticed Prince Ribbit
  3816 | D:5      | Noticed a +0 hand axe
  3817 | D:5      | Found a hide-covered altar of Uskayaw.
  3825 | D:5      | Killed Prince Ribbit
  3825 | D:5      | Reached * piety under Okawaru
  3825 | D:5      | Reached skill level 11 in Axes
  3897 | D:5      | Reached XP level 8. HP: 22/64 MP: 7/7
  4118 | D:5      | Found a stormy altar of Qazlal.
  4119 | D:5      | Found a blossoming altar of Fedhas.
  4522 | D:6      | Found a shimmering altar of Xom.
  4553 | D:6      | Reached skill level 12 in Axes
  4583 | D:6      | Reached ** piety under Okawaru
  4702 | D:6      | Noticed Pikel
  4729 | D:6      | Killed Pikel
  4729 | D:6      | Reached *** piety under Okawaru
  4729 | D:6      | Reached skill level 13 in Axes
  4747 | D:6      | Reached XP level 9. HP: 38/70 MP: 8/8
  5013 | D:6      | Reached skill level 14 in Axes
  5396 | D:7      | Found a shattered altar of Ashenzari.
  5636 | D:7      | Noticed Harold
  5644 | D:7      | Killed Harold
  5644 | D:7      | Reached **** piety under Okawaru
  5644 | D:7      | Reached skill level 15 in Axes
  6148 | D:8      | Reached skill level 16 in Axes
  6172 | D:8      | Reached XP level 10. HP: 67/77 MP: 9/9
  6293 | D:8      | Reached ***** piety under Okawaru
  6458 | D:8      | Reached skill level 5 in Fighting
  6482 | D:8      | Received a gift from Okawaru
  7229 | D:9      | Paralysed by a hornet for 1 turns
  7373 | D:9      | Received a gift from Okawaru
  7407 | D:9      | Noticed a two-headed ogre
  7416 | D:9      | Killed a two-headed ogre
  7429 | D:9      | Got a pair of faintly glowing gloves {god gift}
  7440 | D:9      | Identified the +2 pair of gloves "Zuixt" {rN++} (Okawaru
                  | gifted it to you on level 9 of the Dungeon)
  7465 | D:9      | Reached skill level 10 in Fighting
  7708 | D:9      | Found a glowing golden altar of the Shining One.
  8061 | D:10     | Entered Level 10 of the Dungeon
  8108 | D:10     | Reached XP level 11. HP: 33/102 MP: 10/10
  8503 | D:10     | Noticed a fire dragon
  8510 | D:10     | Noticed a deep elf archer
  8517 | D:10     | Killed from afar by a fire dragon

Skill      XL: |  1  2  3  4  5  6  7  8  9 10 |
---------------+-------------------------------+-----
Axes           | 3 4 5 6 8 9 11 13 16 | 16.2
Fighting       | 11 | 11.4
Armour         | |  3.6
Shields        | |  3.6

Action                   |  1- 3 |  4- 6 |  7- 9 | 10-12 || total
-------------------------+-------+-------+-------+-------++-------
Melee: War axe           |    69 |   115 |   190 |   217 ||   591
       Headbutt          |    10 |    15 |    53 |    47 ||   125
Evoke: Wand              |       |       |     2 |     3 ||     5
  Use: Scroll            |     5 |     8 |     4 |     4 ||    21
       Potion            |       |     2 |     2 |     5 ||     9
  Eat: Ration            |     1 |     3 |     1 |     2 ||     7
       Chunk             |       |       |       |     3 ||     3
Armor: Scale mail        |    31 |    38 |    10 |       ||    79
       Ring mail         |       |       |    25 |    48 ||    73
Dodge: Dodged            |    16 |    35 |    41 |    69 ||   161
Block: Shield            |    40 |    58 |    76 |    93 ||   267
